 Dungeon Crawl Stone Soup version 0.31-a0-187-gba352fbbf7 (webtiles) character file.

Game seed: 12155091746118795817

183 qw the Skirmisher (level 5, -4/29 HPs)
             Began as a Deep Elf Hunter on June 22, 2023.
             Shot with an arrow by a centaur (9 damage)
             ... on level 4 of the Dungeon.
             The game lasted 00:00:58 (2614 turns).

qw the Skirmisher (Deep Elf Hunter)                 Turns: 2614, Time: 00:00:59

Health: -4/29      AC:  7    Str: 10      XL:     5   Next: 35%
Magic:  0/7        EV: 11    Int: 12 (14) God:
Gold:   136        SH:  0    Dex: 18      Spells: 4/4 levels left

rFire   . . .        Y - +0 shortbow
rCold   . . .        (shield currently unavailable)
rNeg    . . .        n - +0 ring mail
rPois   .            m - +0 helmet
rElec   .            (no cloak)
rCorr   +            (no gloves)
SInv    +            g - +0 pair of boots
Will    .....        h - amulet of guardian spirit
Stlth   +            e - ring of resist corrosion
HPRegen 0.24/turn    p - ring of see invisible
MPRegen 0.10/turn

%: guardian spirit
@: about to teleport
A: no striking features
a: no special abilities


You were on level 4 of the Dungeon.
You visited 1 branch of the dungeon, and saw 4 of its levels.

You collected 136 gold pieces.


   Skills:
 - Level 1.5 Fighting
 + Level 8.9 Ranged Weapons
 - Level 2.4 Dodging
 - Level 1.2 Stealth


You had 4 spell levels left.
You didn't know any spells.
Your spell library was empty.

Inventory:

Hand Weapons
 Y - a +0 shortbow (weapon)
Armour
 g - a +0 pair of boots (worn)
 m - a +0 helmet (worn)
 n - a +0 ring mail (worn)
Jewellery
 e - a ring of resist corrosion (left hand)
 h - an amulet of guardian spirit (around neck)
 p - a ring of see invisible (right hand)
Scrolls
 d - 2 scrolls of identify
 q - a scroll of enchant armour {unknown}
Potions
 b - a potion of invisibility {unknown}
 c - a potion of mutation
 f - a potion of heal wounds {unknown}
 i - a potion of resistance {unknown}
 j - 3 potions of curing
 k - a potion of might {unknown}
 l - a potion of haste {unknown}
 o - a potion of cancellation

Dungeon Overview and Level Annotations

Branches:
Dungeon (4/15)
 Temple: D:4-7

Altars:
Fedhas
Hepliaklqana
Makhleb
Nemelex Xobeh
Qazlal
Ru
Wu Jian
Yredelemnul


Message History

You shoot an arrow. The arrow hits the hound!
The hound is severely wounded.
The hound misses you. The hound bites you.
You shoot an arrow.
The arrow hits the hound but does no damage.
The hound is severely wounded.
The hound barely misses you.
You shoot an arrow. The arrow hits the hound.
You kill the hound!
A water moccasin comes into view.
You feel your dexterity returning.
You shoot an arrow.
The arrow barely misses the water moccasin.
The water moccasin hisses angrily.
You hear a shout!
You shoot an arrow. The arrow hits the water moccasin.
The water moccasin is lightly wounded.
A centaur comes into view.
You shoot an arrow.
The arrow completely misses the water moccasin.
The water moccasin bites you but does no damage.
You shoot an arrow.
The arrow hits the water moccasin but does no damage.
The water moccasin is lightly wounded.
The water moccasin barely misses you.
The centaur wields a +0 shortbow.
The centaur shoots an arrow.
The arrow hits you! The water moccasin closely misses you.
You shoot an arrow. The arrow misses the water moccasin.
The centaur shoots an arrow.
The arrow hits you. The water moccasin barely misses you.
The centaur shoots an arrow.
The arrow hits you!
2613 ||| READING scroll of teleportation.
As you read the scroll of teleportation, it crumbles to dust.
You feel strangely unstable. The water moccasin closely misses you.
The centaur shoots an arrow.
The arrow hits you. The water moccasin closely misses you.
You shoot an arrow. The arrow hits the water moccasin!
The water moccasin is heavily wounded.
The centaur shoots an arrow.
The arrow hits you!
You die...

...####.~### #~##
....##..~#~# #~~##
........~~~#~ # ##~~#
..........~#.#.# ###~#
..........~##. . #~#~#
....##...#~#)#c.##~~~#
.........#~#~..#~#~###
.........#~##.#.S#~##
#.#......~~#.#.#@#~~##
#.#.....~~###...###~~##
..#.....~##~##.##~##~.#
#.......~#~~#.~.#~~#~.#
#.......~~~~##)##~~~~.#
#........##~#.~.#~....#
.........##~##.##~..###
...........~~#.#~~..#
#.#.......~~##'##~~.#


You could see a water moccasin and a centaur.

Vanquished Creatures
  A hound (D:4)
  A jelly (D:4)
  Robin (D:3)
  5 adders
  An orc (D:3)
  5 bats
  6 endoplasms
  3 giant cockroaches
  13 goblins
  8 hobgoblins
  4 jackals
  7 kobolds
  4 ball pythons
  3 frilled lizards
  A rat (D:1)
63 creatures vanquished.

Notes
Turn   | Place    | Note
-------+----------+-------------------------------------------
     0 | D:1      | qw the Deep Elf Hunter began the quest for the Orb.
     0 | D:1      | Reached XP level 1. HP: 12/12 MP: 3/3
     0 | D:1      | 0 ||| qw: Version: 0.3-a-9-g12657ce
     0 | D:1      | 0 ||| qw: Game counter: 2716
     0 | D:1      | 0 ||| qw: Always use a shield: true
     0 | D:1      | 0 ||| qw: God list: Okawaru
     0 | D:1      | 0 ||| qw: Allow faded altars: false
     0 | D:1      | 0 ||| qw: Do Orc after D:15 true
     0 | D:1      | 0 ||| qw: Do second Lair branch before Depths: true
     0 | D:1      | 0 ||| qw: Lair rune preference: random
     0 | D:1      | 0 ||| qw: Plans: Normal
     0 | D:1      | 0 ||| PLANNING D:1-11
   225 | D:1      | Reached XP level 2. HP: 16/16 MP: 4/4
   267 | D:1      | Reached skill level 6 in Ranged Weapons
   439 | D:1      | HP: 3/16 [frozen (3)]
   721 | D:1      | 721 ||| UPGRADING to +0 pair of boots.
   726 | D:1      | 726 ||| UPGRADING to +0 helmet.
   731 | D:1      | 731 ||| UPGRADING to +0 ring mail.
   741 | D:1      | 741 ||| DROPPING +0 leather armour.
   742 | D:1      | 742 ||| UPGRADING to amulet of guardian spirit.
   748 | D:1      | 748 ||| UPGRADING to ring of resist corrosion.
   749 | D:1      | 749 ||| READING 2 scrolls labelled WIOMAV JOGYEG.
   754 | D:1      | 754 ||| DRINKING 2 fuming silvery potions.
   756 | D:1      | 756 ||| DRINKING 2 grey potions.
   757 | D:1      | 757 ||| DRINKING 2 fizzy ruby potions.
   758 | D:1      | 758 ||| DROPPING scroll of butterflies.
   759 | D:1      | 759 ||| DROPPING potion of attraction.
   760 | D:1      | 760 ||| DROPPING potion of degeneration.
   795 | D:2      | Reached XP level 3. HP: 20/20 MP: 3/5
   848 | D:2      | Reached skill level 7 in Ranged Weapons
  1197 | D:2      | 1197 ||| READING scroll labelled UBETAT MUIBYTA.
  1198 | D:2      | 1198 ||| READING scroll labelled JEXOWNOEGO.
  1199 | D:2      | 1199 ||| DRINKING 2 emerald potions.
  1232 | D:3      | 1232 ||| FLEEEEING.
  1233 | D:3      | 1233 ||| FLEEEEING.
  1233 | D:3      | Noticed Robin
  1242 | D:3      | Killed Robin
  1243 | D:3      | Reached XP level 4. HP: 20/25 MP: 4/6
  1256 | D:3      | 1256 ||| FLEEEEING.
  1257 | D:3      | 1257 ||| FLEEEEING.
  1258 | D:3      | 1258 ||| FLEEEEING.
  1259 | D:3      | 1259 ||| FLEEEEING.
  1260 | D:3      | 1260 ||| FLEEEEING.
  1261 | D:3      | 1261 ||| STAIRDANCE
  1383 | D:3      | Found a basalt altar of Yredelemnul.
  1387 | D:3      | Found a sacrificial altar of Ru.
  1395 | D:3      | Found a burning altar of Makhleb.
  1395 | D:3      | Found an ornate altar of the Wu Jian Council.
  1402 | D:3      | Found a hazy altar of Hepliaklqana.
  1619 | D:3      | Found a sparkling altar of Nemelex Xobeh.
  1704 | D:3      | Found a stormy altar of Qazlal.
  1708 | D:3      | Found a blossoming altar of Fedhas.
  2000 | D:3      | 2000 ||| UPGRADING to ring of see invisible.
  2001 | D:3      | 2001 ||| DRINKING 3 puce potions.
  2002 | D:3      | 2002 ||| READING 2 scrolls of identify.
  2002 | D:3      | 2002 ||| IDENTIFYING white potion
  2003 | D:3      | 2003 ||| DROPPING 2 potions of brilliance.
  2136 | D:4      | Reached skill level 8 in Ranged Weapons
  2594 | D:4      | Reached XP level 5. HP: 29/29 MP: 7/7
  2607 | D:4      | Noticed a water moccasin
  2609 | D:4      | Noticed a centaur
  2612 | D:4      | HP: 6/29 [centaur/arrow (8)]
  2613 | D:4      | 2613 ||| READING scroll of teleportation.
  2614 | D:4      | Shot with an arrow by a centaur

Levels and vault maps discovered:
D:1:      dpeg_arrival_lava_altar, layout_basic, minmay_split_cup_small
D:2:      layout_basic
D:3:      layout_loops_ring, grunt_temple_overflow_forces_of_nature,
          nemelex_spade_bored_becter, nicolae_overflow_hallway_of_the_gods,
          uniq_robin
D:4:      nicolae_cairo_tiling_large, layout_cave_pools, minmay_manual_mullet

Skill      XL: |  1  2  3  4 |
---------------+-------------+-----
Ranged Weapons | 6 7 8 |  8.9
Fighting       | |  1.5
Dodging        | |  2.4
Stealth        | |  1.2

Action                     |  1- 3 |  4- 6 || total
---------------------------+-------+-------++-------
   Fire: Shortbow          |   127 |    86 ||   213
    Use: Potion            |     4 |     1 ||     5
         Scroll            |     3 |     2 ||     5
 Armour: Ring mail         |    19 |    20 ||    39
         Leather armour    |     7 |       ||     7
  Dodge: Dodged            |    59 |    29 ||    88

Table legend:
 A = Non-vault XP
 B = Vault XP
 C = Vault XP percentage of total XP
 D = Non-vault monster count
 E = Vault monster count
 F = Vault count percentage of total count
                 A         B        C        D         E       F
            +---------+---------+-------+---------+---------+-------
      Total |     136 |     126 |  48.1 |      44 |      19 |  30.2
            +---------+---------+-------+---------+---------+-------
        D:1 |      28 |       4 |  12.5 |      17 |       3 |  15.0
        D:2 |      58 |       0 |   0.0 |      14 |       0 |   0.0
        D:3 |      14 |      35 |  71.4 |       7 |      12 |  63.2
        D:4 |      36 |      87 |  70.7 |       6 |       4 |  40.0
            +---------+---------+-------+---------+---------+-------
